← All builds
Air / Cortex / Economy first / OBSERVED BUILD

Standard air

Cortex Air build order · Supreme Isthmus

Economy-first air build: Aircraft Plant then Advanced Metal Extractor and Fusion Reactor, making transports and scouts for allies while transitioning into fighters and occasional bombers over the whole game.

Usually transports first (77%)

#eco #air #team support · 1551 distinct matches · 257 players · 81% of Cortex Air games · team won 46% of 1859 · Recently observed

HOW TO PLAY IT

Key timing: Aircraft Plant by 1:24

  1. Open 3 mex and wind, then drop Aircraft Plant early.
  2. Finish Aircraft Plant and start fighters for scouting and defense.
  3. Eat the Aircraft Plant once production needs outgrow it.
  4. Get Advanced Metal Extractor up to scale eco.
  5. Bring Fusion Reactor online and keep feeding transports, scouts, fighters to allies.

Phase by phase

TYPICAL OF ITS 1551 GAMES
  1. 1
  2. 2
  3. 3
PLAY THE OPENING

Follow the example game's first 6:00 step by step: what to build now, what comes next, and where it goes. At 1× it keeps pace with your own game.

  1. 1

    Up to the Aircraft Plant

    Economy
    • Metal Extractor3Mex
    • Wind Turbine4Wind
    Order
    1. Aircraft PlantAircraft Plant after 3 mex, 4 winddone ~1:26, middle half 1:14–1:35

    Some games also: energy storage (38%)

    By 1:07 in all: 3 mex · 4 wind

    The example game in this phase · 5 steps
    1. Mex ×2
    2. Wind
    3. Mex
    4. Wind ×3
    5. Aircraft PlantAircraft Plantdone 1:17 · typical 1:26
  2. 2

    Aircraft Plant to 5:00

    Economy
    • Metal Extractor1Mex
    • Wind Turbine9Wind
    • Wind Turbine3Wind
    Builders
    • Construction Turret2 Con turret
    • Construction Aircraft1 Con aircraft
    Army
    • Valiant5 Valiant
    • Hercules2 Light transport for allies
    • Finch2 Finch for allies
    • Finch1 Finch
    • Hephaestus1 Heavy transport for allies

    Some games also: shuriken (49%) · converter (45%) · energy storage (44%) · light transport (40%)

    By 5:00 in all: 3 mex · 1 mex · 13 wind · 3 wind · 1 energy storage · 2 con turret

    The example game in this phase · 27 steps
    1. HerculesLight transportfor Geo sea
    2. FinchFinchfor Geo sea
    3. HephaestusHeavy transportfor Beach sea
    4. FinchFinchfor Beach sea
    5. Wind ×2
    6. Converter
    7. Wind
    8. Converter
    9. ValiantValiant ×3
    10. Mex
    11. ValiantValiant
    12. Wind ×3
    13. ValiantValiant
    14. Converter
    15. Con turret
    16. Converter
    17. ValiantValiant
    18. Con turret
    19. HerculesLight transportfor Tech
    20. Wind
    21. Wind
    22. ValiantValiant
    23. Wind
    24. ValiantValiant
    25. Wind
    26. Wind
    27. Wind
  3. 3

    5:00 to 10:00

    Economy
    • Wind Turbine21Wind
    • Wind Turbine5Wind
    • Energy Converter6Converter
    Order
    1. Aircraft PlantEat Aircraft Plant
    2. Aircraft PlantAircraft Plant after 18 wind, 18 wind, 7 converterin 58% of games
    Builders
    • Construction Turret3 Con turret
    Army
    • Valiant9 Valiant

    Some games also: shuriken (48%) · fusion (38%) · con aircraft (34%) · light transport (31%)

    By 10:00 in all: 3 mex · 1 mex · 25 wind · 20 wind · 8 converter · 1 energy storage

    The example game in this phase · 65 steps
    1. Wind
    2. Wind
    3. HerculesLight transportfor Tech
    4. Wind
    5. ValiantValiant
    6. Wind
    7. ShurikenShuriken
    8. Wind
    9. ValiantValiant
    10. Wind
    11. Wind
    12. ValiantValiant
    13. Wind ×2
    14. Wind
    15. Wind
    16. Energy storage
    17. Con turret
    18. Advanced Metal ExtractorT2 mexdone 6:56 · typical 6:54
    19. ValiantValiant
    20. Wind ×3
    21. Advanced Metal ExtractorT2 mex
    22. HephaestusHeavy transportfor Geo
    23. Wind ×6
    24. Advanced Metal ExtractorT2 mex
    25. Wind ×5
    26. Construction AircraftCon aircraft
    27. Wind
    28. Advanced Metal ExtractorT2 mex
    29. Wind ×8
    30. Con turret
    31. Converter
    32. Con turret
    33. Converter
    34. Fusion ReactorFusiondone 10:27 · typical 10:51
    35. Con turret
    36. Converter
    37. Con turret
    38. Converter ×4
    39. T2 converter
    40. Converter
    41. ValiantValiant ×2
    42. HephaestusHeavy transport
    43. Fusion ReactorFusion
    44. ShurikenShuriken ×12
    45. ValiantValiant
    46. T2 converter
    47. ValiantValiant ×7
    48. Con turret ×5
    49. ValiantValiant ×2
    50. Con turret
    51. ValiantValiant ×12
    52. Fusion ReactorFusion
    53. ValiantValiant ×3
    54. Con turret ×2
    55. ValiantValiant
    56. Con turret
    57. ValiantValiant
    58. Con turret
    59. ValiantValiant ×2
    60. T2 converter
    61. ValiantValiant
    62. Advanced Fusion ReactorAdvanced Fusion Reactornot finished by 15:00
    63. TracerTracer
    64. Construction AircraftCon aircraft
    65. Radar TowerRadar Tower

Counts are medians over the build's games: half of them build more, half fewer. The example game is Salosin's (33 OS, 11/09/2026); pick another.

Team trades

IN AT LEAST 30% OF ITS GAMES

You hand over

  • Finch2 Finch to Geo sea or Beach seafirst at 1:50 · in 96% of games
  • Hercules3 Light transport to Tech or Geo sea or Beach seafirst at 2:06 · in 99% of games
  • Hephaestus1 Heavy transport to Beach sea or Pond or Techfirst at 2:23 · in 71% of games

You get

  • Wind Turbine3 Wind from Beach sea or Geo seafirst at 1:37 · in 64% of games
  • Wind Turbine3 Wind from Beach sea or Geo sea or Pondfirst at 1:41 · in 46% of games
  • Construction Bot1 Con bot from Techfirst at 2:22 · in 88% of games
  • Advanced Construction Bot1 T2 con bot from Techfirst at 6:04 · in 96% of games

How it plays out

Typical game of this build, running totals by minute

Metal produced

010k20k30k
0:005:0010:0015:00

metal

Enemy metal destroyed

01k2k
0:005:0010:0015:00

metal

Own metal lost

01k2k3k
0:005:0010:0015:00

metal

1859 games.

Show as table
ByMetal produced: This buildEnemy metal destroyed: This buildOwn metal lost: This build
1:0039200
2:0092300
3:00145600
4:002053051
5:0027645173
6:003715102124
7:005093146167
8:006904190219
9:009287226270
10:0011769291371
11:0014385366530
12:0017080511771
13:00198987691082
14:002273612511678
15:002577018042405
WHAT THE NUMBERS SAY

Standard air play wins less than half its games, with very low combat losses and kills since the role mostly supports rather than fights.

  • + Own metal lost stays very low, only 2701 by 15:00.
  • + Metal production reaches 25740 by 15:00, a strong support economy.
  • − Team wins under half of games (47%).
  • − Enemy metal destroyed stays low at 2097 by 15:00, showing little direct impact.
THE EXAMPLE YOU ARE READING

Salosin

32.7 OS · 11/09/2026

Open source match ↗

7 received units · includes a constructor
265 metal received · 36975 energy received

Allied construction assistance is unknown. Timings are observations, not a promise of solo reproducibility.

Typical milestones

Aircraft Plant1:26Middle 50%: 1:14–1:35 · n=1859
Advanced Metal Extractor6:54Middle 50%: 6:26–7:26 · n=1798
Fusion Reactor10:51Middle 50%: 9:45–12:16 · n=1195

Played most by

TheGeneraI114games of this buildDad_The_Speedrunner72games of this buildHunfore62games of this buildDRM52games of this buildHALF_DALLAH_HABIT52games of this build